 Dungeon Crawl Stone Soup version 0.31.0-32-g396128a36d (webtiles) character file.

Game seed: 6934254261913283768

1692 Aj7335 the Cleaver (level 8, -5/70 HPs)
             Began as a Minotaur Berserker on Mar 8, 2024.
             Was a Priest of Trog.
             Slain by a water elemental (15 damage)
             ... on level 7 of the Dungeon.
             The game lasted 00:15:56 (5003 turns).

Aj7335 the Cleaver (Minotaur Berserker)             Turns: 5003, Time: 00:15:57

Health: -5/70      AC: 10    Str: 30    XL:     8   Next: 72%
Magic:  7/7        EV:  9    Int:  4    God:    Trog [***...]
Gold:   361        SH: 13    Dex: 10    Spells: 7/7 levels left

rFire   . . .        a - +1 hand axe
rCold   . . .        j - +0 tower shield
rNeg    . . .        I - +0 scale mail
rPois   +            (helmet restricted)
rElec   .            (no cloak)
rCorr   .            c - +2 pair of gloves
SInv    .            (no boots)
Will    .....        B - amulet of regeneration Stlth
                     w - +6 ring of strength
HPRegen 1.11/turn    e - ring of poison resistance
MPRegen 0.10/turn

%: no passive effects
@: engulfed (cannot breathe), studying Throwing
A: horns 2, retaliatory headbutt
a: Renounce Religion, Berserk, Trog's Hand


You were on level 7 of the Dungeon.
You worshipped Trog.
Trog was most pleased with you.
You visited 1 branch of the dungeon, and saw 7 of its levels.

You collected 361 gold pieces.

Inventory:

Hand Weapons
 a - a +1 hand axe (weapon)
Missiles
 r - a throwing net (quivered)
Armour
 c - a +2 pair of gloves (worn)
 j - a +0 tower shield (worn)
 I - a +0 scale mail (worn)
Jewellery
 d - a ring of resist corrosion
 e - a ring of poison resistance (right hand)
 g - an amulet of the acrobat
 l - an amulet of magic regeneration
 p - a ring of flight
 u - a ring of see invisible
 w - a +6 ring of strength (left hand)
 B - an amulet of regeneration (around neck)
 C - a +6 ring of strength
Scrolls
 f - a scroll of noise {unknown}
 n - a scroll of immolation {unknown}
 o - 3 scrolls of silence
 s - 3 scrolls of teleportation
 t - a scroll of revelation {unknown}
 y - 2 scrolls of amnesia {unknown}
 z - a scroll of identify
 A - a scroll of vulnerability {unknown}
 E - a scroll of blinking {unknown}
 G - a scroll of poison {unknown}
 H - 2 scrolls of enchant weapon
Potions
 b - a potion of berserk rage {unknown}
 k - 2 potions of lignification
 m - a potion of resistance
 q - 4 potions of invisibility
 v - 2 potions of brilliance {unknown}
 x - a potion of enlightenment {unknown}
 D - a potion of attraction {unknown}
 F - a potion of haste {unknown}


   Skills:
 + Level 6.2 Fighting
 + Level 8.7 Axes
 + Level 5.8 Armour
 + Level 4.3 Dodging
 + Level 0.9 Stealth
 + Level 6.2 Shields


You had 7 spell levels left.
You didn't know any spells.
Your spell library was empty.

Dungeon Overview and Level Annotations

Branches:
Dungeon (7/15)
 Temple: D:4-7

Altars:
Ashenzari
Cheibriados
Gozag
Nemelex Xobeh
Okawaru
Zin

Shops:
D:3 *[[   D:4 *   D:7 (


Innate Abilities, Weirdness & Mutations

You have a pair of horns on your head.
You reflexively headbutt those who attack you in melee.


Message History

Your lungs strain for air!
You block the water elemental's attack. The water elemental closely misses you.
There are monsters nearby!
You slash the water elemental!
The water elemental is severely damaged.
You slash the water elemental!
Your lungs strain for air!
You block the water elemental's attack. The water elemental hits you.
There are monsters nearby!
You barely miss the water elemental.
The water elemental is severely damaged.
You hit the water elemental.
Your lungs strain for air!
You block the water elemental's attack. The water elemental hits you!
The water elemental hits you.
There are monsters nearby!
You are too injured to fight recklessly!
There are monsters nearby!
You are too injured to fight recklessly!
There are monsters nearby!
You are too injured to fight recklessly!
You cannot call out to Trog while unable to breathe.
You barely miss the water elemental.
The water elemental is moderately damaged.
You closely miss the water elemental.
* * * LOW HITPOINT WARNING * * *
Your lungs strain for air!
The water elemental closely misses you. You block the water elemental's attack.
You slash the water elemental! You headbutt the water elemental.
The water elemental is heavily damaged.
You hit the water elemental.
* * * LOW HITPOINT WARNING * * *
Your lungs strain for air!
You block the water elemental's attack. x2
Okay, then.
You feel better.
* * * LOW HITPOINT WARNING * * *
Your lungs strain for air!
You block the water elemental's attack. The water elemental hits you!
You die...

#.#####.#.#..##..####.#
#.###.._..#.........<.#
#.....#.########.######
#####...# #.# ##### #.#
##.####### #........#
#..#####.# #.@#
#....EE.......
#.#.#...###..# .~~.~...
#..~~~~~≈~ #..~≈≈≈≈≈≈≈
...~≈~≈~≈≈≈~
#..~≈≈...≈≈≈.


You could see 2 water elementals.

Vanquished Creatures
  2 water moccasins (D:6)
  A sky beast (D:6)
  An ogre (D:4)
  A centaur (D:6)
  A phantom (D:6)
  A kobold brigand (D:6)
  3 scorpions
  9 hounds
  A jelly (D:6)
  A bombardier beetle (D:7)
  3 sleepcaps
  2 iguanas (D:5)
  Natasha (thrice) (D:4)
  4 scorpion zombies (D:6)
  Robin (D:2)
  10 adders
  6 howler monkey skeletons (D:6)
  6 dart slugs
  A ribbon worm (D:3)
  15 orcs
  6 ball pythons
  2 bats
  4 endoplasms
  5 giant cockroaches
  11 goblins
  10 hobgoblins
  3 jackals
  6 quokkas
  2 frilled lizards (D:1)
  17 kobolds
  3 rats
141 creatures vanquished.

Notes
Turn   | Place    | Note
-------+----------+-------------------------------------------
     0 | D:1      | Aj7335 the Minotaur Berserker began the quest for the Orb.
     0 | D:1      | Reached XP level 1. HP: 19/19 MP: 0/0
   318 | D:1      | Reached XP level 2. HP: 26/27 MP: 1/1
   329 | D:1      | Reached skill level 4 in Axes
  1159 | D:2      | Reached XP level 3. HP: 33/33 MP: 2/2
  1223 | D:2      | Noticed Robin
  1228 | D:2      | Reached ** piety under Trog
  1234 | D:2      | Killed Robin
  1238 | D:2      | Reached XP level 4. HP: 38/40 MP: 3/3
  1366 | D:2      | Reached skill level 5 in Axes
  1982 | D:3      | Found Qigeaboe's Armour Shop.
  1984 | D:3      | Found Qiptaweu's Antique Armour Boutique.
  2182 | D:3      | Found an opulent altar of Gozag.
  2183 | D:3      | Found an opulent altar of Gozag.
  2186 | D:3      | Found an opulent altar of Gozag.
  2193 | D:3      | Found an opulent altar of Gozag.
  2270 | D:3      | Reached skill level 1 in Shields
  2272 | D:3      | Reached XP level 5. HP: 42/47 MP: 4/4
  2363 | D:3      | Found Otouhituwk's General Store.
  2531 | D:4      | Found Huibae Xuha's General Store.
  2569 | D:4      | Noticed an ogre
  2577 | D:4      | Killed an ogre
  2581 | D:4      | Reached XP level 6. HP: 35/53 MP: 5/5
  2582 | D:4      | Reached skill level 6 in Axes
  2766 | D:4      | Noticed Natasha
  2768 | D:4      | Reached *** piety under Trog
  2773 | D:4      | Killed Natasha
  2916 | D:4      | Noticed Natasha
  2921 | D:4      | Killed Natasha
  2922 | D:4      | Reached skill level 5 in Fighting
  2966 | D:4      | Noticed Natasha
  2971 | D:4      | Killed Natasha
  3046 | D:5      | Entered Level 5 of the Dungeon
  3078 | D:5      | Reached XP level 7. HP: 58/61 MP: 6/6
  3336 | D:5      | Reached skill level 5 in Armour
  3370 | D:5      | Found a snail-covered altar of Cheibriados.
  3474 | D:6      | Reached skill level 7 in Axes
  3625 | D:6      | Found an iron altar of Okawaru.
  3690 | D:6      | Reached XP level 8. HP: 69/69 MP: 7/7
  3826 | D:6      | Reached skill level 8 in Axes
  3826 | D:6      | Reached skill level 5 in Shields
  3947 | D:6      | Found a glowing silver altar of Zin.
  4554 | D:7      | Found a broken altar of Ashenzari.
  4562 | D:7      | Found Puzxiewe's Antique Weapon Shop.
  4643 | D:7      | Found a sparkling altar of Nemelex Xobeh.
  5003 | D:7      | Slain by a water elemental

Illustrated notes

Levels and vault maps discovered:
D:1:      denvon_arrival_waterhouse, layout_basic, nrook_mini_vaults
D:2:      layout_basic, minmay_fractal_squares_gapless_5, uniq_robin
D:3:      layout_basic, nicolae_gozag_conspicuous_consumption, serial_shops,
          shop, shop, shop_fountains, serial_park_tiny_2, hex_intersection
D:4:      layout_gridville, serial_shops, nicolae_shop_trees, uniq_natasha
D:5:      layout_loops_ring, mainiacjoe_overflow_alcove_2,
          cheibrodos_worm_habitat
D:6:      layout_basic, okawaru_ov_weapons_minmay, mainiacjoe_overflow_alcove_1,
          mainiacjoe_ossuary_entry_find_the_door, serial_co_window_serial,
          co_window_paths_a, co_window_corner_a, co_window_paths_b,
          co_window_paths_b, co_window_of_opportunity_a,
          co_window_of_opportunity_a, co_window_of_opportunity_c,
          co_window_unsneaky_path_b, co_window_cross_4, glass_columns_b,
          glass_columns_a, glass_columns_a, glass_columns_a
D:7:      layout_loops_corners, mainiacjoe_overflow_tiny_flanked,
          lemuel_crystal_altar, minmay_temple_entry_slanted, serial_shops, shop,
          nicolae_rank_and_phial

Skill      XL: |  1  2  3  4  5  6  7  8 |
---------------+-------------------------+-----
Fighting       | 4 5 6 |  6.2
Axes           | 4 5 6 7 8 |  8.7
Armour         | 3 4 5 |  5.8
Shields        | 1 2 3 4 6 |  6.2
Dodging        | 3 4 |  4.3
Stealth        | |  0.9

Action                     |  1- 3 |  4- 6 |  7- 9 || total
---------------------------+-------+-------+-------++-------
  Melee: Hand axe          |    70 |   116 |   209 ||   395
         Headbutt          |     8 |    20 |    39 ||    67
 Invoke: Berserk           |     1 |     2 |       ||     3
    Use: Scroll            |       |     2 |     3 ||     5
         Potion            |       |     2 |     2 ||     4
 Armour: Animal skin       |     4 |       |       ||     4
         Ring mail         |    38 |    56 |    53 ||   147
         Scale mail        |       |       |    55 ||    55
  Dodge: Dodged            |    28 |    58 |    48 ||   134
  Block: Tower shield      |    27 |    75 |   131 ||   233
